 Dungeon Crawl Stone Soup version 0.20-a0-513-g02c11fc (webtiles) character file.

43087 Kriby the Eclecticist (level 13, -12/76 HPs)
             Began as a Deep Elf Conjurer on Jan 23, 2017.
             Was a High Priest of Vehumet.
             Mangled by an iguana (31 damage)
             ... on level 6 of the Lair of Beasts.
             The game lasted 00:57:44 (21331 turns).

Kriby the Eclecticist (Deep Elf Conjurer)          Turns: 21331, Time: 00:57:45

Health: -12/76     AC: 10    Str:  5    XL:     13   Next: 88%
Magic:  2/36       EV:  8    Int: 28    God:    Vehumet [*****.]
Gold:   718        SH:  0    Dex: 15    Spells: 19/47 levels left

rFire    . . .     SeeInvis .   U - staff of air
rCold    + . .     Gourm    .   O - +0 troll leather armour
rNeg     . . .     Faith    .   D - +2 shield
rPois    .         Spirit   .   s - +0 helmet
rElec    +         Reflect  +   u - +2 cloak
rCorr    +         Harm     .   Y - +0 pair of gloves
MR       +....                  L - +0 pair of boots
Stlth    ++........             n - +4 amulet of reflection
Regen    0.7/turn               Q - +2 ring of intelligence
                                A - ring "Ecymec" {rCorr rC+}

@: lethally poisoned (-12 -> -12), sleeping, drained
A: no striking features
a: Renounce Religion


You were on level 6 of the Lair of Beasts.
You worshipped Vehumet.
Vehumet was extremely pleased with you.
You were not hungry.

You visited 2 branches of the dungeon, and saw 16 of its levels.
You also visited: Sewer.

You collected 814 gold pieces.
You spent 96 gold pieces at shops.

Inventory:

Hand Weapons
 I - a +1 short sword of speed
Armour
 s - a +0 helmet (worn)
 u - a +2 cloak (worn)
 D - a +2 shield (worn)
 F - a +2 robe of magic resistance
 L - a +0 pair of boots (worn)
 O - a +0 troll leather armour (worn)
 Y - a +0 pair of gloves (worn)
Magical Staves
 U - an uncursed staff of air (weapon)
Jewellery
 n - a +4 amulet of reflection (around neck)
 o - an uncursed amulet of the gourmand
 A - the ring "Ecymec" (left hand) {rCorr rC+}
   (You found it on level 4 of the Dungeon)

   [ring of resist corrosion]

   It protects you from cold.
 P - an uncursed ring of protection from magic
 Q - a +2 ring of intelligence (right hand)
Wands
 v - a wand of flame (17/48)
 x - a wand of polymorph (17/24)
 y - a wand of polymorph (16/24)
 C - a wand of disintegration (16/24)
 H - a wand of acid (7/15)
 X - a wand of paralysis (22/24)
Scrolls
 a - a scroll of amnesia
 e - 3 scrolls of fog
 g - 6 scrolls of remove curse
 j - 2 scrolls of brand weapon
 E - 3 scrolls of fear
 J - 4 scrolls of teleportation
 R - a scroll of holy word {unknown}
 S - a scroll of enchant armour
 V - a scroll of enchant weapon
Potions
 f - a potion of heal wounds
 h - 6 potions of curing
 k - a potion of cure mutation
 l - 2 potions of flight
 m - a potion of lignification
 p - a potion of invisibility
 q - 2 potions of cancellation
 r - 3 potions of agility
 w - a potion of ambrosia {unknown}
 B - 4 potions of brilliance
 G - a potion of magic
 K - 3 potions of haste
Books
 b - a book of Conjurations

   Spells                             Type                      Level
   a - Magic Dart                     Conjuration                  1
   b - Searing Ray                    Conjuration                  2
   c - Dazzling Spray                 Conjuration/Hexes            3
   d - Fulminant Prism                Conjuration/Hexes            4
   e - Iskenderun's Mystic Blast      Conjuration                  4
   f - Iskenderun's Battlesphere      Conjuration/Charms           5
 M - a book of Clouds

   Spells                             Type                      Level
   a - Poisonous Vapours              Poison/Air                   2
   b - Mephitic Cloud                 Conjuration/Poison/Air       3
   c - Conjure Flame                  Conjuration/Fire             3
   d - Freezing Cloud                 Conjuration/Ice/Air          6
   e - Ring of Flames                 Charms/Fire                  7
 T - a book of Flames

   Spells                             Type                      Level
   a - Flame Tongue                   Conjuration/Fire             1
   b - Throw Flame                    Conjuration/Fire             2
   c - Conjure Flame                  Conjuration/Fire             3
   d - Inner Flame                    Hexes/Fire                   3
   e - Sticky Flame                   Conjuration/Fire             4
   f - Fireball                       Conjuration/Fire             5
 W - a book of Misfortune

   Spells                             Type                      Level
   a - Confusing Touch                Hexes                        1
   b - Confuse                        Hexes                        3
   c - Gell's Gravitas                Hexes/Translocation          3
   d - Petrify                        Transmutation/Earth          4
   e - Metabolic Englaciation         Hexes/Ice                    5
   f - Yara's Violent Unravelling     Hexes/Transmutation          5
 Z - a book of Air

   Spells                             Type                      Level
   a - Shock                          Conjuration/Air              1
   b - Swiftness                      Charms/Air                   2
   c - Repel Missiles                 Charms/Air                   2
   d - Static Discharge               Conjuration/Air              3
   e - Lightning Bolt                 Conjuration/Air              5
Miscellaneous
 N - a box of beasts
Comestibles
 c - 14 bread rations
 d - 10 royal jellies
 z - 6 meat rations


   Skills:
 + Level 7.4(6.1) Fighting
 - Level 2.4(1.3) Dodging
 - Level 2.4(1.3) Stealth
 - Level 17.8(16.2) Spellcasting
 - Level 15.5(14.0) Conjurations
 - Level 8.1(6.9) Charms
 - Level 6.1(4.9) Fire Magic
 - Level 6.0(4.8) Air Magic


You had 19 spell levels left.
You knew the following spells:

 Your Spells              Type           Power        Failure   Level  Hunger
a - Magic Dart            Conj           ####         1%          1    None
b - Searing Ray           Conj           ######       1%          2    None
c - Iskenderun's Mystic   Conj           #######.     1%          4    None
d - Iskenderun's Battles  Conj/Chrm      ######..     3%          5    None
e - Fireball              Conj/Fire      ######....   4%          5    None
f - Conjure Ball Lightni  Conj/Air       #######...   41%         6    ###....
g - Lightning Bolt        Conj/Air       #######...   4%          5    None


Dungeon Overview and Level Annotations

Branches:
Dungeon (10/15)            Temple (0/1) D:6            Lair (6/6) D:9
 Shoals (0/4) Lair:2        Snake (0/4) Lair:4          Orc (0/2) D:10
  Slime: Lair:5-6

Altars:
Cheibriados
Hepliaklqana
Makhleb
Okawaru
Uskayaw
Vehumet
Yredelemnul
Zin
The Shining One

Shops:
D:7 *   D:8 ?   D:9 =

Annotations:
Lair:6 nqkweflqenfkl's ghost, journeyman GrEE


Message History

* * * LOW HITPOINT WARNING * * *
You feel sick.
The dream sheep shake their wool and sparkle.
You feel drowsy...
You fall asleep.
Nqkweflqenfkl's ghost frowns in concentration.
Nqkweflqenfkl's ghost closely misses you.
The dream sheep closely misses you.
Your surroundings suddenly seem different.
You feel sick.
A swamp drake comes into view.
The swamp drake roars!
An iguana comes into view.
The iguana hisses angrily.
A komodo dragon comes into view.
The komodo dragon hisses angrily.
An iguana comes into view.
The iguana hisses angrily.
The iguana barely misses you.
You feel sick. The swamp drake barely misses you. The iguana bites you!!
You die...

♣♣♣♣♣♣♣♣
♣P≈≈l@k♣
♣.l≈≈≈P..♣
♣.≈≈≈≈≈lP.♣
♣.≈≈♣♣P≈≈..♣
.≈♣ .≈≈≈≈.♣
. ♣♣P≈≈≈≈♣
.≈≈≈≈≈♣
≈≈≈≈≈.♣


You could see a komodo dragon, a swamp drake and 2 iguanas.

Vanquished Creatures
  3 hydras
  3 two-headed ogres
  2 death yaks (Lair:5)
  The ghost of Sokar the Carver, a novice HuNe of Kikubaaqudgha (D:8)
  A cyclops (D:8)
  4 elephants
  3 black mambas
  11 spiny frogs
  2 rime drakes
  The ghost of Sokar the Reanimator, a novice HuNe (D:5)
  4 komodo dragons
  4 trolls
  Prince Ribbit (D:6)
  5 polar bears
  11 blink frogs
  15 dream sheep (Lair:6)
  A slime creature (Lair:3)
  8 hippogriffs
  A shadow (D:9)
  7 wyverns
  43 yaks
  4 hogs (D:9)
  A human (D:9)
  3 basilisks
  Menkaure (D:5)
  Edmund (D:5)
  11 porcupines
  13 water moccasins
  4 hell hounds
  Purgy (Sewer)
  5 orc warriors (D:10)
  2 sky beasts
  9 black bears
  3 phantoms
  5 ogres
  18 wolves
  4 centaurs
  13 crocodiles
  3 big kobolds (D:10)
  13 bullfrogs
  4 gnoll sergeants (D:10)
  2 wyvern zombies (D:9)
  A wyvern skeleton (D:8)
  3 scorpions
  11 wights
  10 killer bees
  3 howler monkeys
  A crimson imp (D:8)
  2 bullfrog zombies
  3 centaur zombies
  3 hounds
  A quasit (D:8)
  8 orc wizards
  10 orc priests
  A centaur skeleton (D:9)
  8 jellies
  Crazy Yiuf (D:5)
  2 bullfrog skeletons
  7 iguanas
  Natasha (twice) (D:4)
  5 worker ants
  6 gnolls
  13 adders
  3 shadow imps
  15 oozes
  8 worms
  2 adder zombies
  6 dart slugs
  6 leopard geckos
  52 orcs
  4 ball pythons
  7 giant cockroaches
  6 hobgoblins
  4 jackals (D:2)
  A quokka (D:6)
  2 bats
  6 frilled lizards
  3 goblins
  15 kobolds
  2 leopard gecko skeletons
  3 leopard gecko zombies
  A quokka zombie (D:9)
  6 rats
  3 fungi
507 creatures vanquished.

Vanquished Creatures (collateral kills)
  A ball lightning (Lair:2)
  A centaur (D:9)
2 creatures vanquished.

Vanquished Creatures (others)
  56 ball lightnings
  11 fungi (Lair:3)
  2 plants
69 creatures vanquished.

Grand Total: 578 creatures vanquished

Notes
Turn   | Place    | Note
-------+----------+-------------------------------------------
     0 | D:1      | Kriby the Deep Elf Conjurer began the quest for the Orb.
     0 | D:1      | Reached XP level 1. HP: 10/10 MP: 6/6
   205 | D:1      | Reached XP level 2. HP: 15/15 MP: 5/8
   666 | D:1      | Reached skill level 5 in Conjurations
   689 | D:1      | Reached skill level 4 in Spellcasting
   721 | D:1      | Learned a level 2 spell: Searing Ray
   755 | D:2      | Reached XP level 3. HP: 19/19 MP: 8/10
   776 | D:2      | Found a radiant altar of Vehumet.
   806 | D:2      | Became a worshipper of Vehumet
  1682 | D:2      | Found an iron altar of Okawaru.
  1695 | D:2      | Reached XP level 4. HP: 24/24 MP: 7/12
  2239 | D:3      | Reached skill level 5 in Spellcasting
  2248 | D:3      | Reached XP level 5. HP: 20/28 MP: 2/14
  2631 | D:3      | Learned a level 4 spell: Iskenderun's Mystic Blast
  2637 | D:3      | Learned a level 5 spell: Iskenderun's Battlesphere
  2762 | D:3      | Reached * piety under Vehumet
  2762 | D:3      | Offered knowledge of Sting by Vehumet.
  2762 | D:3      | Reached skill level 1 in Charms
  3163 | D:4      | Noticed Natasha
  3166 | D:4      | Killed Natasha
  3315 | D:4      | Got a coiled silver ring
  3319 | D:4      | Identified the ring "Ecymec" {rCorr rC+} (You found it on level 4 of the Dungeon)
  3656 | D:4      | Noticed a phantom
  3666 | D:4      | Killed a phantom
  3666 | D:4      | Reached XP level 6. HP: 11/32 MP: 6/16
  3976 | D:4      | Reached skill level 5 in Charms
  4063 | D:5      | Entered Level 5 of the Dungeon
  4114 | D:5      | Noticed Sokar's ghost (novice HuNe)
  4118 | D:5      | Killed Sokar's ghost
  4118 | D:5      | Reached XP level 7. HP: 36/36 MP: 6/17
  4208 | D:5      | Reached skill level 6 in Spellcasting
  4290 | D:5      | Found a runed door.
  4347 | D:5      | Noticed Menkaure
  4353 | D:5      | Killed Menkaure
  4595 | D:5      | Found a glowing golden altar of the Shining One.
  4604 | D:5      | Found a basalt altar of Yredelemnul.
  4721 | D:5      | Noticed Edmund
  4920 | D:5      | Reached skill level 7 in Spellcasting
  5015 | D:5      | Reached XP level 8. HP: 30/41 MP: 14/21
  5107 | D:5      | Found a glowing silver altar of Zin.
  5109 | D:5      | Found an iron altar of Okawaru.
  5414 | D:5      | Killed Edmund
  5414 | D:5      | Reached skill level 8 in Spellcasting
  5850 | D:5      | Noticed an angel
  6013 | D:4      | Offered knowledge of Sandblast by Vehumet.
  6170 | D:4      | Noticed Natasha
  6172 | D:4      | Killed Natasha
  6172 | D:4      | Reached ** piety under Vehumet
  6360 | D:5      | Noticed Crazy Yiuf
  6362 | D:5      | Killed Crazy Yiuf
  6436 | D:6      | Found a staircase to the Ecumenical Temple.
  6440 | D:6      | Reached skill level 9 in Spellcasting
  6444 | D:6      | Noticed Prince Ribbit
  6522 | D:6      | Killed Prince Ribbit
  6599 | D:6      | Reached XP level 9. HP: 45/45 MP: 8/24
  6627 | D:6      | Reached skill level 10 in Spellcasting
  6730 | D:6      | Found a snail-covered altar of Cheibriados.
  6887 | D:6      | Found a glowing drain.
  6891 | Sewer    | Entered a sewer
  6977 | Sewer    | Noticed Purgy
  6982 | Sewer    | Killed Purgy
  7523 | D:7      | Found Faxiheq's Assorted Antiques.
  7529 | D:7      | Bought a scroll labeled GETZISTULOMM for 24 gold pieces
  7529 | D:7      | Bought a scroll of teleportation for 72 gold pieces
  7713 | D:7      | Gained mutation: Your spells are a little harder to cast, but a little more powerful. [mutagenic meat]
  7789 | D:7      | Found a hide-covered altar of Uskayaw.
  7907 | D:7      | Reached skill level 11 in Spellcasting
  7907 | D:7      | Reached skill level 10 in Conjurations
  7915 | D:7      | Offered knowledge of Inner Flame by Vehumet.
  8109 | D:7      | Found a hazy altar of Hepliaklqana.
  8787 | D:8      | Reached *** piety under Vehumet
  8955 | D:8      | Found a burning altar of Makhleb.
  9088 | D:8      | Noticed a troll
  9094 | D:8      | Killed a troll
  9094 | D:8      | Reached skill level 12 in Spellcasting
  9295 | D:8      | Found Ydeepse's Magic Scroll Shop.
  9376 | D:8      | Noticed Sokar's ghost (novice HuNe)
  9377 | D:8      | Noticed a two-headed ogre
  9379 | D:8      | Killed Sokar's ghost
  9379 | D:8      | Reached XP level 10. HP: 40/50 MP: 13/28
  9384 | D:8      | Killed a two-headed ogre
  9585 | D:8      | Noticed a cyclops
  9593 | D:8      | Killed a cyclops
  9593 | D:8      | Reached skill level 13 in Spellcasting
  9686 | D:8      | Offered knowledge of Olgreb's Toxic Radiance by Vehumet.
 10218 | D:9      | Lost mutation: Your spells are a little harder to cast, but a little more powerful. [potion of cure mutation]
 10332 | D:9      | Found a staircase to the Lair.
 10516 | D:9      | Noticed a two-headed ogre
 10521 | D:9      | Killed a two-headed ogre
 10521 | D:9      | Reached skill level 14 in Spellcasting
 10878 | D:9      | Found Hautikodgh's Jewellery Shop.
 11012 | D:9      | Reached **** piety under Vehumet
 11065 | D:9      | Reached XP level 11. HP: 54/54 MP: 11/31
 11269 | D:10     | Entered Level 10 of the Dungeon
 11278 | D:9      | Learned a level 5 spell: Fireball
 11313 | D:9      | Reached skill level 1 in Fire Magic
 11443 | D:10     | Offered knowledge of Airstrike by Vehumet.
 12489 | D:10     | Reached ***** piety under Vehumet
 12733 | D:10     | Reached skill level 5 in Fire Magic
 12737 | D:10     | Offered knowledge of Conjure Ball Lightning by Vehumet.
 12747 | D:10     | Learned a level 6 spell: Conjure Ball Lightning
 13198 | D:10     | Found a staircase to the Orcish Mines.
 13439 | D:10     | Reached skill level 15 in Spellcasting
 13568 | D:10     | Noticed a two-headed ogre
 13573 | D:10     | Killed a two-headed ogre
 13811 | Lair:1   | Entered Level 1 of the Lair of Beasts
 14268 | Lair:1   | Reached XP level 12. HP: 38/59 MP: 20/33
 14428 | Lair:1   | Identified the +4 ring mail of Yvuac {rElec Str+2} (You found it on level 1 of the Lair of Beasts)
 14890 | Lair:2   | Reached skill level 16 in Spellcasting
 14989 | Lair:2   | Reached skill level 1 in Air Magic
 15143 | Lair:2   | Found a staircase to the Shoals.
 16360 | Lair:3   | Reached skill level 5 in Air Magic
 17310 | Lair:3   | Noticed a four-headed hydra
 17318 | Lair:3   | Killed a four-headed hydra
 17318 | Lair:3   | Reached skill level 17 in Spellcasting
 17834 | Lair:3   | Learned a level 5 spell: Lightning Bolt
 17940 | Lair:4   | Found a staircase to the Snake Pit.
 17952 | Lair:4   | Reached skill level 15 in Conjurations
 18223 | Lair:4   | Reached XP level 13. HP: 63/63 MP: 22/36
 18458 | Lair:4   | Identified the cursed +1 leather armour "Lyck" {rC+ MR+} (You found it on level 4 of the Lair of Beasts)
 18840 | Lair:4   | Offered knowledge of Force Lance by Vehumet.
 19362 | Lair:5   | Reached skill level 1 in Fighting
 19376 | Lair:5   | Identified a scroll of acquirement
 19377 | Lair:5   | Got a polished crystal plate armour
 19559 | Lair:4   | Identified the +1 crystal plate armour "Haq Wen" {Dex+3} (You acquired it on level 5 of the Lair of Beasts)
 20179 | Lair:5   | Reached skill level 5 in Fighting
 20958 | Lair:6   | Entered Level 6 of the Lair of Beasts
 21313 | Lair:6   | Noticed nqkweflqenfkl's ghost (journeyman GrEE)
 21324 | Lair:6   | HP: 1/76 [nqkweflqenfkl's ghost (5)]
 21331 | Lair:6   | Mangled by an iguana

Vault maps used:
D:1:      nicolae_arrival_memento_mori
D:2:      nicolae_overflow_crystal_walls, okawaru_altar_gauntlet_db
D:3:      serial_forest, infiniplex_forest_clump_curved,
          infiniplex_forest_straight_1, infiniplex_forest_clump_diagonal,
          infiniplex_forest_corner_1, infiniplex_forest_end_2,
          infiniplex_forest_lined_1, infiniplex_forest_lined_1, first_bread
D:4:      uniq_natasha
D:5:      grunt_temple_overflow_holy_war, grunt_temple_overflow_open,
          uniq_crazy_yiuf_cottage, uniq_edmund, uniq_menkaure
D:6:      gup_sewer_entry_spiral, basic_altar, uniq_prince_ribbit1
D:7:      chequers_temple_overflow_statue_of_worship, serial_shops,
          nicolae_shop_overgrown_old_shop
D:8:      serial_shops, kennysheep_little_box, bloody_makhleb
D:9:      minmay_lair_entry_lava, serial_shops, nicolae_shop_waterfront,
          grunt_livestock
D:10:     kennysheep_orc_monster_closet_entryway
Lair:1:   beast_lair_carwin_large_3
Lair:2:   elwin_shoals_entry_rocks
Lair:3:   lemuel_slime, st_stairs_12
Lair:4:   minmay_snake_entry_six_corridors, grunt_forest_stairs_basic
Lair:5:   enter_volcano_3, st_stairs_9, beast_lair_carwin_1
Lair:6:   wormcave, guppyfry_lair_end_dragon, slime_altar_1
Sewer:    kennysheep_door_sewer

Skill      XL: |  1  2  3  4  5  6  7  8  9 10 11 12 13 |
---------------+----------------------------------------+-----
Conjurations   | 5 6 7 9 11 12 14 15 | 15.5
Spellcasting   | 4 5 7 9 12 14 15 17 | 17.8
Charms         | 4 8 |  8.1
Fire Magic     | 6 |  6.1
Air Magic      | 6 |  6.0
Fighting       | 7 |  7.4
Dodging        | |  2.4
Stealth        | |  2.4

Action                   |  1- 3 |  4- 6 |  7- 9 | 10-12 | 13-15 || total
-------------------------+-------+-------+-------+-------+-------++-------
Melee: Staff             |       |       |       |    13 |       ||    13
Throw: Javelin           |       |     3 |     2 |       |       ||     5
 Cast: Magic Dart        |    64 |    79 |   138 |   369 |    28 ||   678
       Searing Ray       |     3 |    12 |    20 |     2 |       ||    37
       Iskenderun's Batt |       |     1 |    36 |    92 |    27 ||   156
       Iskenderun's Myst |       |       |     9 |    78 |    96 ||   183
       Conjure Ball Ligh |       |       |       |    18 |     5 ||    23
       Fireball          |       |       |       |     2 |       ||     2
       Lightning Bolt    |       |       |       |     7 |    10 ||    17
Evoke: Wand              |       |       |       |       |     2 ||     2
  Use: Scroll            |       |     6 |     7 |    11 |     7 ||    31
       Potion            |       |       |     1 |    10 |     2 ||    13
  Eat: Chunk             |     2 |     6 |    24 |    29 |     7 ||    68
       Fruit             |       |     1 |       |     3 |       ||     4
       Royal jelly       |       |       |     2 |       |     1 ||     3
Armor: Robe              |     2 |     3 |     7 |       |       ||    12
       Troll leather arm |       |       |       |    41 |    14 ||    55
Dodge: Dodged            |     2 |     7 |    24 |    72 |    32 ||   137
Block: Other             |       |       |     6 |    19 |     7 ||    32
       Reflection        |       |       |     1 |     1 |     1 ||     3
       Shield            |       |       |       |       |     5 ||     5
